 Dungeon Crawl Stone Soup version 0.22-a0-354-g30dfbe6 (webtiles) character file.

4519 Kairos the Cruncher (level 10, -1/53 HPs)
             Began as a Vine Stalker Fighter on Apr 16, 2018.
             Was an Initiate of Makhleb.
             Slain by a two-headed ogre
             ... wielding a +0 giant spiked club
              (28 damage)
             ... on level 8 of the Dungeon.
             The game lasted 00:10:08 (6497 turns).

Kairos the Cruncher (Vine Stalker Fighter)          Turns: 6497, Time: 00:10:08

Health: -1/53      AC: 12    Str: 22    XL:     10   Next: 39%
Magic:  0/11       EV:  9    Int:  9    God:    Makhleb [......]
Gold:   430        SH:  0    Dex: 13    Spells: 9/9 levels left

rFire    . . .     SeeInvis .   v - +3 quarterstaff (chaos)
rCold    . . .     Gourm    .   (shield currently unavailable)
rNeg     . . .     Faith    .   M - +1 chain mail {rPois}
rPois    +         Spirit   +   K - +1 hat {MR+}
rElec    .         Reflect  .   (no cloak)
rCorr    .         Harm     .   (no gloves)
MR       ++...                  (no boots)
Stlth    ..........             (no amulet)
HPRegen  0.57/turn              (no ring)
MPRegen  0.12/turn              (no ring)

@: no status effects
A: fangs 3, regeneration 1, magic shield, antimagic bite, no potion heal 3, rot
immunity
a: Renounce Religion


You were on level 8 of the Dungeon.
You worshipped Makhleb.
Makhleb was noncommittal.
You were hungry.

You visited 2 branches of the dungeon, and saw 9 of its levels.

You collected 458 gold pieces.
You spent 28 gold pieces at shops.

Inventory:

Hand Weapons
 a - a +0 flail
 v - a +3 quarterstaff of chaos (weapon)
 C - a +3 flail of protection
Missiles
 h - 13 javelins
 i - 28 poisoned needles
 r - 2 needles of sleeping (quivered)
Armour
 b - a +0 scale mail
 c - a +0 shield
 K - a +1 hat of magic resistance (worn)
 M - a +1 chain mail of poison resistance (worn)
 N - a +0 buckler
Wands
 G - a wand of enslavement (16)
 H - a wand of paralysis (9)
Scrolls
 n - 3 scrolls of fear
 o - 3 scrolls of teleportation {unknown}
 q - a scroll of immolation {unknown}
 s - 2 scrolls of enchant weapon {unknown}
 t - 7 scrolls of remove curse
 w - a scroll of amnesia {unknown}
 y - 2 scrolls of random uselessness {unknown}
 A - a scroll of magic mapping {unknown}
 B - a scroll of identify
 E - a scroll of fog {unknown}
 F - 2 scrolls of enchant armour {unknown}
 L - a scroll of blinking {unknown}
Potions
 d - a potion of might
 e - 2 potions of heal wounds {unknown}
 g - 10 potions of curing
 j - 4 potions of lignification
 k - a potion of cancellation {unknown}
 l - 5 potions of degeneration {unknown}
 m - a potion of magic {unknown}
 p - a potion of resistance
 u - 5 potions of mutation {unknown}
 x - a potion of flight {unknown}
 z - a potion of ambrosia {unknown}
 D - 2 potions of brilliance {unknown}
 I - a potion of experience {unknown}
 J - a potion of berserk rage {unknown}
Comestibles
 f - 18 rations


   Skills:
 + Level 6.1 Fighting
 + Level 3.7(6.7) Maces & Flails
 + Level 8.8(9.1) Staves
 + Level 6.8 Armour
 + Level 2.5 Dodging
 + Level 3.0 Stealth
 + Level 3.4 Shields


You had 9 spell levels left.
You didn't know any spells.

Dungeon Overview and Level Annotations

Branches:
Dungeon (8/15)             Temple (1/1) D:7
   Lair: D:8-11

Altars:
Ashenzari
Cheibriados
Dithmenos
Elyvilon
Fedhas
Gozag
Hepliaklqana
Kikubaaqudgha
Makhleb
Nemelex Xobeh
Okawaru
Qazlal
Ru
Sif Muna
Trog
Uskayaw
Vehumet
Wu Jian
Xom
Yredelemnul
Zin
The Shining One

Shops:
D:4 ?   D:5 :


Innate Abilities, Weirdness & Mutations

You have razor-sharp teeth.
Your natural rate of healing is unusually fast.
When hurt, damage is shared between your health and your magic reserves.
Your bite disrupts and absorbs the magic of your enemies.
Potions cannot restore your health.
You are immune to rotting.


Message History

The two-headed ogre hits you with a giant spiked club!
The two-headed ogre hits you with a giant club!
Aiming: Paralyse
Press: ? - help, Shift-Dir - straight line, f - two-headed ogre
Aim: a two-headed ogre, wielding a giant spiked club and a giant club (lightly wounded, poisoned, chance to defeat MR: 28%)
The two-headed ogre easily resists.
Aiming: Paralyse
Press: ? - help, Shift-Dir - straight line, f/p - two-headed ogre
Aim: a two-headed ogre, wielding a giant spiked club and a giant club (lightly wounded, poisoned, chance to defeat MR: 28%)
The two-headed ogre easily resists.
The two-headed ogre hits you with a giant spiked club!
The two-headed ogre barely misses you.
There are monsters nearby!
Aiming: Paralyse
Press: ? - help, Shift-Dir - straight line, f/p - two-headed ogre
Aim: a two-headed ogre, wielding a giant spiked club and a giant club (lightly wounded, poisoned, chance to defeat MR: 28%)
The two-headed ogre easily resists.
The two-headed ogre hits you with a giant spiked club!!
Ouch! That really hurt!
You die...

###....#......#.....###........).
..#......|._..#.....#...#.#.#.#..
###....#............#.#..........
.########.....#.....#.#.#.#.#.#..
## ####.##......o...)......#
#.####...##..#.#.#.#.# ###
#.<.#oo#..#........... ..#
###.#O###.#..#.#.#.#.. #.##
#.#@###............# #..#####
#...##...##..#####.# .......#
##.###.#.###...# .#
#####..########.....#.# ###.# #
#...............#.# #.# #.#
##..###.....###.#.### #.# #.# #
##...#.....# #.#...###.# #.# #
###.#.....# #..##.....# #.# #
#.......# ##........# #.#


You could see a two-headed ogre, an orc priest and an orc.

Vanquished Creatures
  Gastronok (D:8)
  A hippogriff (D:7)
  Sigmund (D:4)
  A human (D:8)
  Edmund (D:4)
  A water moccasin (D:6)
  3 orc warriors
  3 sky beasts
  An ice beast (D:6)
  A black bear (D:8)
  2 ogres
  2 centaurs
  Blork the orc (D:5)
  A water moccasin zombie (D:4)
  2 bullfrogs (D:6)
  A scorpion (D:4)
  2 howler monkeys
  2 crimson imps
  3 orc priests
  3 orc wizards
  A centaur skeleton (D:6)
  Crazy Yiuf (D:2)
  3 iguanas
  5 worker ants
  A hound skeleton (D:6)
  A hound zombie (D:7)
  Robin (D:4)
  A gnoll (D:1)
  9 adders
  5 shadow imps
  2 oozes (D:1)
  An adder zombie (D:5)
  2 adder skeletons
  5 worms
  2 dart slugs (D:2)
  5 leopard geckos
  8 orcs
  10 giant cockroaches
  13 hobgoblins
  4 jackals
  2 quokkas (D:3)
  4 ball pythons
  10 bats
  8 frilled lizards
  18 goblins
  A jackal skeleton (D:5)
  A jackal zombie (D:6)
  4 kobolds
  8 rats
169 creatures vanquished.

Notes
Turn   | Place    | Note
-------+----------+-------------------------------------------
     0 | D:1      | Kairos the Vine Stalker Fighter began the quest for the Orb.
     0 | D:1      | Reached XP level 1. HP: 11/11 MP: 2/2
   195 | D:1      | Reached XP level 2. HP: 15/16 MP: 3/3
   329 | D:1      | Reached XP level 3. HP: 19/20 MP: 4/4
   897 | D:2      | Gained mutation: Your natural rate of healing is unusually fast. [Vine Stalker growth]
   897 | D:2      | Reached XP level 4. HP: 19/24 MP: 5/5
  1145 | D:2      | Found a shattered altar of Ashenzari.
  1318 | D:2      | Found a runed door.
  1349 | D:2      | Found a faded altar of an unknown god.
  1501 | D:2      | Reached XP level 5. HP: 26/28 MP: 6/6
  1591 | D:2      | Noticed Crazy Yiuf
  1597 | D:2      | Killed Crazy Yiuf
  2264 | D:4      | Noticed Sigmund
  2271 | D:4      | Killed Sigmund
  2271 | D:4      | Reached skill level 2 in Staves
  2271 | D:4      | Reached skill level 1 in Dodging
  2271 | D:4      | Reached XP level 6. HP: 32/32 MP: 7/7
  2392 | D:4      | Found Upuari Wuasa's Magic Scroll Emporium.
  2422 | D:4      | Found a hide-covered altar of Uskayaw.
  2448 | D:4      | Reached XP level 7. HP: 28/37 MP: 5/8
  2693 | D:4      | Noticed Edmund
  2701 | D:4      | Killed Edmund
  2701 | D:4      | Reached skill level 3 in Staves
  2701 | D:4      | Reached skill level 1 in Stealth
  2756 | D:4      | Noticed Robin
  2794 | D:4      | Killed Robin
  3165 | D:4      | Bought a scroll of identify for 28 gold pieces
  3203 | D:5      | Entered Level 5 of the Dungeon
  3243 | D:5      | Reached skill level 4 in Staves
  3311 | D:5      | Noticed Blork the orc
  3321 | D:5      | Killed Blork the orc
  3321 | D:5      | Gained mutation: You have razor-sharp teeth. [Vine Stalker growth]
  3321 | D:5      | Reached XP level 8. HP: 21/42 MP: 3/9
  3409 | D:5      | Found an opulent altar of Gozag.
  3474 | D:5      | Found Vyps's Book Shop.
  3924 | D:5      | Reached skill level 5 in Staves
  4176 | D:6      | Reached skill level 6 in Staves
  4255 | D:6      | Reached skill level 5 in Armour
  4255 | D:6      | Reached XP level 9. HP: 37/46 MP: 8/10
  4849 | D:7      | Reached skill level 5 in Fighting
  4948 | D:7      | Found a white marble altar of Elyvilon.
  4948 | D:7      | Found a stormy altar of Qazlal.
  4996 | D:7      | Found a staircase to the Ecumenical Temple.
  5048 | D:7      | Found a shimmering altar of Xom.
  5051 | D:7      | Found a basalt altar of Yredelemnul.
  5051 | D:7      | Found a bloodstained altar of Trog.
  5058 | D:7      | Reached skill level 7 in Staves
  5399 | Temple   | Entered the Ecumenical Temple
  5653 | Temple   | Became a worshipper of Makhleb the Destroyer
  5729 | D:8      | Found an opulent altar of Gozag.
  5730 | D:8      | Found an ornate altar of the Wu Jian Council.
  5803 | D:8      | Noticed Gastronok
  5821 | D:8      | Killed Gastronok
  5821 | D:8      | Reached skill level 8 in Staves
  5821 | D:8      | Reached XP level 10. HP: 26/53 MP: 8/11
  6239 | D:8      | Found a shattered altar of Ashenzari.
  6473 | D:8      | Noticed a two-headed ogre
  6497 | D:8      | Slain by a two-headed ogre

Vault maps used:
D:1:      minmay_arrival_arboretum_small
D:2:      evilmike_ruin_ashenzari, chequers_ecumenical_altar_simple_redux,
          uniq_crazy_yiuf_cottage
D:4:      eat_drink_and_be_merry_uskayaw, serial_shops, kennysheep_little_box,
          uniq_edmund, uniq_robin, uniq_sigmund
D:5:      serial_shops, nicolae_shop_trees, first_ration,
          nicolae_gozag_seed_capital, uniq_blork_the_orc
D:6:      amethyst_killhole, minivault_11
D:7:      grunt_temple_overflow_open, minmay_temple_entry_hall
D:8:      chequers_temple_overflow_statue_of_worship, serial_glass,
          glass_columns_c, glass_columns_c, due_unseen_surprise,
          item_on_display_a, minmay_strange_pillars, basic_altar,
          grunt_pizzeria, uniq_gastronok
Temple:   nicolae_temple_figure_eight

Skill      XL: |  1  2  3  4  5  6  7  8  9 10 |
---------------+-------------------------------+-----
Maces & Flails | 2 3 |  3.7
Fighting       | 3 4 5 6 |  6.1
Shields        | 3 |  3.4
Armour         | 3 4 5 6 |  6.8
Staves         | 2 4 6 8 |  8.8
Dodging        | 1 2 |  2.5
Stealth        | 1 2 3 |  3.0

Action                   |  1- 3 |  4- 6 |  7- 9 | 10-12 || total
-------------------------+-------+-------+-------+-------++-------
Melee: Flail             |    98 |    81 |       |       ||   179
       Bite              |    25 |    38 |    71 |    14 ||   148
       Quarterstaff      |       |    63 |   239 |    38 ||   340
Evoke: Wand              |       |       |       |     3 ||     3
  Use: Scroll            |       |       |     3 |     1 ||     4
 Stab: Paralysed         |       |       |       |     2 ||     2
       Confused          |       |       |       |     1 ||     1
  Eat: Chunk             |       |     5 |    11 |     2 ||    18
Armor: Scale mail        |    69 |    63 |    58 |     5 ||   195
       Chain mail        |       |       |       |     7 ||     7
Dodge: Dodged            |    38 |    65 |    69 |    22 ||   194
Block: Shield            |    60 |    53 |       |       ||   113

Table legend:
 A = Spawn XP
 B = Non-spawn XP
 C = Spawn XP percentage of total XP
 D = Spawn monster count
 E = Non-spawn monster count
 F = Spawn count percentage of total count
 G = Total turns spent on level
                    A         B        C        D         E        F      G
               +---------+---------+-------+---------+---------+-------+---------
         Total |       0 |    6456 |   0.0 |       0 |     169 |   0.0 |  6497
               +---------+---------+-------+---------+---------+-------+---------
           D:1 |       0 |      73 |   0.0 |       0 |      30 |   0.0 |   825
           D:2 |       0 |     145 |   0.0 |       0 |      29 |   0.0 |   812
           D:3 |       0 |      55 |   0.0 |       0 |      21 |   0.0 |   594
           D:4 |       0 |     656 |   0.0 |       0 |      25 |   0.0 |   972
           D:5 |       0 |     709 |   0.0 |       0 |      21 |   0.0 |   788
           D:6 |       0 |    1091 |   0.0 |       0 |      20 |   0.0 |   818
           D:7 |       0 |     550 |   0.0 |       0 |      11 |   0.0 |   639
           D:8 |       0 |    3177 |   0.0 |       0 |      12 |   0.0 |   784
               +---------+---------+-------+---------+---------+-------+---------
